 Dungeon Crawl Stone Soup version 0.31-a0-1612-g4aaf141004 (webtiles) character file.

Game seed: 18017792554584635454

24 ytrimaz the Grave Robber (level 2, -3/19 HPs)
             Began as a Demonspawn Necromancer on Jan 10, 2024.
             Slain by a ribbon worm (5 damage)
             ... on level 2 of the Dungeon.
             The game lasted 00:01:04 (1203 turns).

ytrimaz the Grave Robber (Demonspawn Necromancer)   Turns: 1203, Time: 00:01:05

Health: -3/19      AC:  4    Str:  8    XL:     2   Next: 79%
Magic:  3/5        EV:  6    Int: 15    God:
Gold:   37         SH:  0    Dex: 13    Spells: 5/6 levels left

rFire   . . .        (no weapon)
rCold   . . .        (no shield)
rNeg    . . .        a - +0 robe
rPois   .            (no helmet)
rElec   .            (no cloak)
rCorr   .            (no gloves)
SInv    .            (no boots)
Will    .....        (no amulet)
Stlth   ++           (no ring)
HPRegen 0.23/turn    (no ring)
MPRegen 0.09/turn

%: no passive effects
@: held
A: molten scales 1
a: no special abilities


You were on level 2 of the Dungeon.
You visited 1 branch of the dungeon, and saw 2 of its levels.

You collected 37 gold pieces.


Innate Abilities, Weirdness & Mutations

You are partially covered in molten scales. (AC +2)


   Skills:
 - Level 1.7 Dodging
 - Level 1.7 Stealth
 + Level 2.6 Spellcasting
 + Level 4.9 Necromancy


You had 5 spell levels left.
You knew the following spells:

 Your Spells              Type           Power      Damage    Failure   Level
a - Necrotise             Necr           64%        1d7       2%          1

Your spell library contained the following spells:

 Spells                   Type           Power      Damage    Failure   Level
 Vampiric Draining        Necr           16%        2d7       9%          3
 Animate Dead             Necr           16%        N/A       26%         4
 Curse of Agony           Necr           16%        N/A       58%         5

Inventory:

Armour
 a - a +0 robe (worn)
Jewellery
 h - a +6 ring of strength
   (You found it on level 1 of the Dungeon)
Scrolls
 c - a scroll of identify {unknown}
 d - a scroll of fear {unknown}
 e - a scroll of immolation {unknown}
 f - a scroll of teleportation {unknown}
Potions
 g - a potion of brilliance {unknown}

Dungeon Overview and Level Annotations

Branches:
Dungeon (2/15) Zot: 10795

Altars:

# # .#. #.# #.# #.#
#.# ####w#####
#...@....#######
####.##.###.#.....#
...)......#.#.....#
......#)#.#.......#
....#.#...###.....#
### # ##..# #.....#
..# ####### ..# ...


You could see a ribbon worm.


Message History

Unknown command.
A ribbon worm comes into view. 😎 MP[+1]
A ribbon worm is nearby!
A ribbon worm is nearby!
A ribbon worm is nearby!
You swap places. 😎 MP[+1]
The ribbon worm writhes in agony! 😎 MP[-1]
You lost 1 mp, and now have 3/5 mp.
The ribbon worm writhes in agony!
The ribbon worm expels a string of sticky webbing.
The stream of webbing hits you but does no damage.
You are caught in a web! 😎 MP[-1]
You lost 1 mp, and now have 2/5 mp.
Aiming: Necrotise (safe; 2% risk of failure)
Press: ? - help, Q - select action Shift-Dir - straight line, f/p - ribbon worm
Aim: a ribbon worm (severely wounded, ally target, chance to affect: 80%)
The ribbon worm barely resists. 😎 MP[-1]
You lost 1 mp, and now have 1/5 mp.
Aiming: Necrotise (safe; 2% risk of failure)
Press: ? - help, Q - select action Shift-Dir - straight line, f - you, p - ribbon worm
Okay, then.
You struggle to detach yourself from the web.
Your orc skeleton barely misses the ribbon worm.
The ribbon worm bites your orc skeleton!
Your orc skeleton is destroyed!
Unknown command.
You struggle to detach yourself from the web.
Unknown command.
The web tears apart.
The ribbon worm expels a string of sticky webbing.
The stream of webbing hits you but does no damage.
You are caught in a web!
Aiming: Necrotise (safe; 2% risk of failure)
Press: ? - help, Q - select action Shift-Dir - straight line, f - ribbon worm
Aim: a ribbon worm (heavily wounded, chance to affect: 80%)
The ribbon worm writhes in agony. 😎 MP[-1]
You lost 1 mp, and now have 0/5 mp.
Unknown command.
Unknown command.
The web tears apart.
The ribbon worm bites you. 😮 HP[-6]
You take 6 damage, and now have 13/19 hp.
MASSIVE DAMAGE!! (PAUSE)
You hit the ribbon worm.
The ribbon worm bites you but does no damage.
Unknown command.
You hit the ribbon worm. 😮 MP[+1]
You hit the ribbon worm but do no damage.
The ribbon worm bites you!
* * * LOW HITPOINT WARNING * * *
😨 HP[-7]
You take 7 damage, and now have 6/19 hp.
MASSIVE DAMAGE!! (PAUSE)
You hit the ribbon worm but do no damage.
The ribbon worm expels a string of sticky webbing.
The stream of webbing hits you but does no damage.
You are caught in a web!
Aiming: Necrotise (safe; 2% risk of failure)
Press: ? - help, Q - select action Shift-Dir - straight line, f/p - ribbon worm
Aim: a ribbon worm (severely wounded, chance to affect: 80%)
The ribbon worm writhes in agony.
The ribbon worm bites you.
* * * LOW HITPOINT WARNING * * *
😱 HP[-3] MP[-1]
You take 3 damage, and now have 3/19 hp.
You lost 1 mp, and now have 0/5 mp.
Unknown command.
Unknown command.
You struggle to detach yourself from the web.
The ribbon worm bites you but does no damage.
The web tears apart.
Unknown command.
Magic courses through your body. The ribbon worm bites you.
* * * LOW HITPOINT WARNING * * *
😱 HP[-2] MP[+5]
You take 2 damage, and now have 1/19 hp.
Your mp is fully restored (5).
Aiming: Necrotise (safe; 2% risk of failure)
Press: ? - help, Q - select action Shift-Dir - straight line, f/p - ribbon worm
Aim: a ribbon worm (severely wounded, chance to affect: 80%)
The ribbon worm writhes in agony.
The ribbon worm expels a string of sticky webbing.
The stream of webbing hits you but does no damage.
You are caught in a web! 😱 HP[+1] MP[-1]
You lost 1 mp, and now have 4/5 mp.
Unknown command.
Aiming: Necrotise (safe; 2% risk of failure)
Press: ? - help, Q - select action Shift-Dir - straight line, f/p - ribbon worm
Aim: a ribbon worm (severely wounded, chance to affect: 80%)
The ribbon worm barely resists.
The ribbon worm bites you.
You die...

Action                     || total
---------------------------++-------
  Melee: Unarmed           ||     6
   Cast: Necrotise         ||    41
    Use: Potion            ||     1
 Armour: Robe              ||     8
  Dodge: Dodged            ||     1

Levels and vault maps discovered:
D:1:      dpeg_chamrin_arrival_tetris, layout_loops_ring,
          shapermc_ecumenical_altar_notcrosses, dk_noncrumbling_4
D:2:      layout_loops_cross, serial_shops, nicolae_shop_waterfront,
          uniq_sigmund

Notes
Turn   | Place    | Note
-------+----------+-------------------------------------------
     0 | D:1      | ytrimaz the Demonspawn Necromancer began the quest for the
                  | Orb.
     0 | D:1      | Reached XP level 1. HP: 13/13 MP: 3/3
     0 | D:1      | magus.rc [v1.9.6]
   278 | D:1      | Gained mutation: You are partially covered in molten
                  | scales. (AC +2) [demonic ancestry]
   278 | D:1      | Reached XP level 2. HP: 19/19 MP: 0/5
   469 | D:1      | Found a faded altar of an unknown god.
  1198 | D:2      | HP: 3/19 [ribbon worm (4)]
  1201 | D:2      | HP: 1/19 [ribbon worm (2)]
  1203 | D:2      | Slain by a ribbon worm

Vanquished Creatures
  A dart slug (D:1)
  An orc (D:2)
  An endoplasm (D:1)
  2 goblins (D:1)
  3 hobgoblins (D:1)
  5 kobolds (D:1)
  A ball python (D:1)
  3 frilled lizards (D:1)
  4 rats (D:1)
21 creatures vanquished.

Table legend:
 A = Non-vault XP
 B = Vault XP
 C = Vault XP percentage of total XP
 D = Non-vault monster count
 E = Vault monster count
 F = Vault count percentage of total count
                 A         B        C        D         E       F
            +---------+---------+-------+---------+---------+-------
      Total |      35 |       0 |   0.0 |      21 |       0 |   0.0
            +---------+---------+-------+---------+---------+-------
        D:1 |      32 |       0 |   0.0 |      20 |       0 |   0.0
        D:2 |       3 |       0 |   0.0 |       1 |       0 |   0.0
            +---------+---------+-------+---------+---------+-------

Action                     || total
---------------------------++-------
  Melee: Unarmed           ||     6
   Cast: Necrotise         ||    41
    Use: Potion            ||     1
 Armour: Robe              ||     8
  Dodge: Dodged            ||     1

Illustrated notes

Table legend:
 A = Kills in this place as a percentage of kills in the entire game.
 B = Kills by you in this place as a percentage of kills by you in the entire game.
 C = Kills by friends in this place as a percentage of kills by friends in the entire game.
 D = Other kills in this place as a percentage of other kills in the entire game.
 E = Experience gained in this place as a percentage of experience gained in the entire game.
 F = Experience gained in this place divided by the number of levels of this place that you have seen.
                   A       B       C       D       E      F
               +-------+-------+-------+-------+-------+----------------------
         Total | 100.0 | 100.0 |   N/A |   N/A | 100.0 |  17.5
       Dungeon | 100.0 | 100.0 |   N/A |   N/A | 100.0 |  17.5
               +-------+-------+-------+-------+-------+----------------------

Table legend: (Time is in decaauts)
 A = Elapsed time spent in this place.
 B = Non-inter-level travel time spent in this place.
 C = Inter-level travel time spent in this place.
 D = Time resting spent in this place.
 E = Time spent auto-exploring this place.
 F = Levels seen in this place.
 G = Mean time per level.
                   A        B        C        D        E       F      G
               +--------+--------+--------+--------+--------+-----+--------+
         Total |   1203 |   1171 |     32 |      0 |   1039 |   2 |  601.5 |
       Dungeon |   1203 |   1171 |     32 |      0 |   1039 |   2 |  601.5 |
               +--------+--------+--------+--------+--------+-----+--------+

Top non-repeatable levels by time:
     D:1: 1149 daAuts
     D:2: 53 daAuts
